 Dungeon Crawl Stone Soup version 0.31-a0-1127-ge7b2bbabab (webtiles) character file.

Game seed: 6040457478488993005

3132 ONEDAYOUMAY the Cleaver (level 9, -1/105 HPs)
             Began as a Hill Orc Fighter on Dec 5, 2023.
             Was a Follower of Beogh.
             Slain by a gnoll sergeant
             ... wielding a +2 trident of venom
              (11 damage)
             ... on level 8 of the Dungeon.
             The game lasted 00:21:27 (7054 turns).

ONEDAYOUMAY the Cleaver (Hill Orc Fighter)          Turns: 7054, Time: 00:21:28

Health: -1/105     AC: 24    Str: 23    XL:     9   Next: 92%
Magic:  9/9        EV:  2    Int:  8    God:    Beogh [*.....]
Gold:   433        SH: 15    Dex: 10    Spells: 8/8 levels left

rFire   . . .        b - +1 hand axe (vamp)
rCold   . . .        p - +1 tower shield
rNeg    . . .        a - melded +0 plate armour
rPois   +            h - melded +0 helmet
rElec   .            (cloak currently unavailable)
rCorr   .            o - melded +0 pair of gloves
SInv    .            (boots currently unavailable)
Will    .....        e - amulet of the acrobat
Stlth   +            t - ring of flight
HPRegen 0.37/turn    (no ring)
MPRegen 0.11/turn

%: acrobat
@: lethally poisoned (-1 -> -12), tree-form
A: stationary, stasis, torment immunity, boosted hp
a: Renounce Religion


You were on level 8 of the Dungeon.
You worshipped Beogh.
Beogh was aware of your devotion.
You were a tree.
You visited 2 branches of the dungeon, and saw 9 of its levels.
You also visited: Ossuary.

You collected 493 gold pieces.
You spent 60 gold pieces at shops.

Inventory:

Hand Weapons
 b - a +1 vampiric hand axe (weapon)
Missiles
 z - 2 throwing nets
Armour
 a - a +0 plate armour (melded)
 h - a +0 helmet (melded)
 o - a +0 pair of gloves (melded)
 p - a +1 tower shield (worn)
Jewellery
 e - an amulet of the acrobat (around neck)
 t - a ring of flight (left branch)
Wands
 k - a wand of roots (9)
 s - a wand of acid (8)
Scrolls
 g - 2 scrolls of teleportation
 m - a scroll of enchant armour
 r - a scroll of identify
Potions
 c - a potion of brilliance
 d - 3 potions of might
 f - a potion of cancellation
 j - 6 potions of curing
 l - a potion of ambrosia
 n - a potion of resistance {unknown}
 q - a potion of heal wounds
 u - 2 potions of invisibility {unknown}
 v - 2 potions of haste {unknown}
 w - 2 potions of enlightenment {unknown}
 x - a potion of attraction {unknown}
 A - a potion of mutation {unknown}


   Skills:
 - Level 3.6 Fighting
 + Level 10.8 Axes
 - Level 9.2 Armour
 - Level 9.0 Shields


You had 8 spell levels left.
You didn't know any spells.
Your spell library contained the following spells:

 Spells                   Type           Power      Damage    Failure   Level
 Apportation              Tloc           0%         N/A       86%         1
 Necrotise                Necr           0%         1d4       86%         1
 Summon Small Mammal      Summ           0%         N/A       86%         1
 Cigotuvi's Dreadful Rot  Necr/Pois/Air  0%         N/A       95%         2
 Jinxbite                 Hex            0%         N/A       95%         2
 Sublimation of Blood     Necr           0%         N/A       95%         2
 Wereblood                Tmut           0%         N/A       95%         2
 Frozen Ramparts          Ice            0%         1d1       99%         3
 Vampiric Draining        Necr           0%         2d6       99%         3
 Dispel Undead            Necr           0%         3d6       100%        4
 Petrify                  Tmut/Erth      0%         N/A       100%        4
 Agony                    Necr           0%         N/A       100%        5
 Alistair's Intoxication  Tmut/Pois      0%         N/A       100%        5
 Metabolic Englaciation   Hex/Ice        0%         N/A       100%        5
 Death Channel            Necr           0%         N/A       100%        6
 Malign Gateway           Summ/Tloc      0%         N/A       100%        7
 Summon Hydra             Summ           0%         N/A       100%        7
 Summon Horrible Things   Summ           0%         N/A       100%        8


Dungeon Overview and Level Annotations

Branches:
Dungeon (8/15)             Temple (1/1) D:4            Lair (0/5) D:8
Ossuary (visited)

Altars:
Ashenzari
Cheibriados
Dithmenos
Fedhas
Hepliaklqana
Kikubaaqudgha
Nemelex Xobeh
Okawaru
Qazlal
Sif Muna
Uskayaw
Vehumet
Wu Jian
Xom
Yredelemnul
Zin
The Shining One

Shops:
D:3 !

Annotations:
D:8 1 transporter, Grum; farilari's ghost, novice MfSh


Message History

You block the gnoll sergeant's attack.
You hit farilari's ghost.
Farilari's ghost is lightly damaged.
You feel sick.
A wolf comes into view.
You block the gnoll sergeant's attack.
Farilari's ghost hits you but does no damage.
You block the gnoll sergeant's attack.
You barely miss farilari's ghost.
Farilari's ghost is lightly damaged.
You feel sick.
The gnoll sergeant hits you from afar with a +0 spear of pain.
* * * LOW HITPOINT WARNING * * *
You writhe in agony.
* * * LOW HITPOINT WARNING * * *
Farilari's ghost hits you.
* * * LOW HITPOINT WARNING * * *
You block the gnoll sergeant's attack.
You hit farilari's ghost but do no damage.
Farilari's ghost is lightly damaged.
You feel sick.
The gnoll sergeant hits you but does no damage.
You block farilari's ghost's attack.
The gnoll sergeant hits you from afar with a +2 trident of venom.
* * * LOW HITPOINT WARNING * * *
Okay, then.
You closely miss farilari's ghost.
Farilari's ghost is lightly damaged.
You feel sick. You block the gnoll sergeant's attack.
Farilari's ghost hits you but does no damage.
The gnoll sergeant hits you from afar with a +2 trident of venom.
* * * LOW HITPOINT WARNING * * *
You are lethally poisoned!
You hit farilari's ghost but do no damage.
Farilari's ghost is lightly damaged.
* * * LOW HITPOINT WARNING * * *
You feel very sick. You block the gnoll sergeant's attack.
You block farilari's ghost's attack.
The gnoll sergeant hits you from afar with a +2 trident of venom!
You die...

.......≈≈≈≈≈≈≈≈≈≈≈...≈≈≈≈≈≈
.##.##.≈≈#####...........##
#.#.##.≈≈#.8.#.###.©.###.#
##..##.≈≈#...###.#####.#
....#..≈≈###..........
#..#...≈≈.8#.######h##
.....#.≈≈.##.#.⌠.#gh8#
..##...~~.#..'..)Wgg⌠#
#......≈≈.##.#P)♣#..8#
.......≈≈.8# ######)##
..####.≈≈###...............
..# #.≈≈#...###.#####©###.
### .≈≈#.8 #.###.©. # ≈≈##
# ...... ≈≈ ≈≈≈≈~≈≈ ≈≈
≈≈≈≈~≈≈ .......


You could see Grum, 2 gnoll sergeants, 2 wolves and farilari's ghost.

Vanquished Creatures
  3 yaks
  2 steam dragons (D:6)
  2 orc warriors (D:6)
  2 ice beasts
  A black bear (D:3)
  A centaur (D:7)
  A phantom (D:4)
  A kobold brigand (D:6)
  A bullfrog (D:6)
  2 gnoll sergeants (D:8)
  3 water moccasin zombies (Ossuary)
  2 scorpions (D:5)
  4 wights (D:6)
  3 killer bees (D:6)
  A howler monkey (D:6)
  3 jellies
  An orc priest (D:6)
  5 hounds
  A gnoll bouda (D:7)
  4 iguanas
  A sleepcap (D:4)
  4 orc wizards
  2 mummies (Ossuary)
  A hound zombie (D:4)
  A hound skeleton (D:4)
  7 gnolls
  5 adders
  2 white imps
  4 ufetubi
  6 adder zombies
  2 adder skeletons (D:4)
  2 worms
  2 dart slugs
  27 orcs
  7 bats
  9 endoplasms
  3 giant cockroaches
  4 gnoll zombies (Ossuary)
  8 hobgoblins
  4 jackals
  11 kobolds
  4 quokkas
  6 ball pythons
  4 frilled lizards
  5 goblins
  7 hobgoblin zombies (Ossuary)
  3 kobold zombies (Ossuary)
  7 orc zombies (Ossuary)
  7 rats
198 creatures vanquished.

Vanquished Creatures (others)
  A howler monkey (D:6)
1 creature vanquished.

Grand Total: 199 creatures vanquished

Notes
Turn   | Place    | Note
-------+----------+-------------------------------------------
     0 | D:1      | ONEDAYOUMAY the Hill Orc Fighter began the quest for the
                  | Orb.
     0 | D:1      | Reached XP level 1. HP: 19/19 MP: 1/1
    15 | D:1      | Reached skill level 3 in Axes
    58 | D:1      | Reached XP level 2. HP: 12/26 MP: 2/2
   177 | D:1      | Reached skill level 4 in Axes
   345 | D:1      | Reached XP level 3. HP: 12/31 MP: 3/3
  1044 | D:2      | Reached skill level 5 in Axes
  1318 | D:2      | Found a glowing silver altar of Zin.
  1747 | D:2      | Reached XP level 4. HP: 26/39 MP: 4/4
  2206 | D:3      | Found Achawn's Distillery.
  2228 | D:3      | Found a sparkling altar of Nemelex Xobeh.
  2231 | D:3      | Bought a potion of heal wounds for 60 gold pieces
  2395 | D:3      | Noticed a black bear
  2400 | D:3      | Killed a black bear
  2401 | D:3      | Reached skill level 5 in Armour
  2401 | D:3      | Reached XP level 5. HP: 31/45 MP: 5/5
  2576 | D:3      | Found an ancient bone altar of Kikubaaqudgha.
  2578 | D:3      | Found a shimmering blue altar of Sif Muna.
  2580 | D:3      | Found a radiant altar of Vehumet.
  3044 | D:4      | Found a staircase to the Ecumenical Temple.
  3053 | Temple   | Entered the Ecumenical Temple
  3224 | D:4      | Found a sand-covered staircase.
  3247 | Ossuary  | Entered an ossuary
  3259 | Ossuary  | Reached XP level 6. HP: 51/51 MP: 6/6
  3391 | Ossuary  | Reached skill level 5 in Shields
  3418 | Ossuary  | Reached XP level 7. HP: 54/57 MP: 7/7
  3490 | D:4      | Found a snail-covered altar of Cheibriados.
  4101 | D:5      | Entered Level 5 of the Dungeon
  4126 | D:4      | Reached skill level 6 in Axes
  4258 | D:5      | Reached skill level 7 in Axes
  4287 | D:5      | Reached XP level 8. HP: 61/64 MP: 8/8
  4401 | D:5      | Reached skill level 8 in Axes
  4818 | D:6      | Found a stormy altar of Qazlal.
  5502 | D:6      | Became a worshipper of Beogh the Brigand
  5571 | D:6      | Found a shadowy altar of Dithmenos.
  5777 | D:6      | Reached XP level 9. HP: 59/70 MP: 9/9
  6355 | D:6      | Reached * piety under Beogh
  6594 | D:7      | Found a shimmering altar of Xom.
  6806 | D:8      | Reached skill level 9 in Axes
  6958 | D:8      | Reached skill level 10 in Axes
  6972 | D:8      | Found a staircase to the Lair.
  6985 | D:8      | Found a transporter.
  7021 | D:8      | Found a transporter.
  7045 | D:8      | Noticed farilari's ghost (novice MfSh)
  7048 | D:8      | Noticed Grum
  7054 | D:8      | Slain by a gnoll sergeant

Illustrated notes

Levels and vault maps discovered:
D:1:      grunt_arrival_lava_bath, layout_loops_ring
D:2:      minmay_chambers_of_ones, layout_loops_corners, basic_altar
D:3:      layout_basic, grunt_temple_overflow_magic_moments,
          amcnicky_altar_gilded, serial_shops, shop
D:4:      layout_loops_cross, mainiacjoe_overflow_chevrons,
          minmay_temple_entry_tees, mainiacjoe_ossuary_entry_find_the_door,
          chequers_arboretum
D:5:      layout_basic
D:6:      layout_basic, overflow_temple_1_default,
          mainiacjoe_overflow_six_doors_small
D:7:      layout_cave_pools, kennysheep_mini,
          serial_library_hellmonk_double_dead_end
D:8:      layout_loops_ring, lair_entry_dummy, gammafunk_ghost_gnarly_gnolls
Temple:   hellmonk_temple_forest_ring

Skill      XL: |  1  2  3  4  5  6  7  8  9 |
---------------+----------------------------+-----
Axes           | 3 4 5 7 8 10 | 10.8
Armour         | 5 6 9 |  9.2
Shields        | 5 6 9 |  9.0
Fighting       | |  3.6

Action                     |  1- 3 |  4- 6 |  7- 9 || total
---------------------------+-------+-------+-------++-------
  Melee: War axe           |   146 |   181 |   215 ||   542
         Hand axe          |       |       |   331 ||   331
 Invoke: Convert to Beogh  |       |       |     1 ||     1
    Use: Scroll            |     1 |     2 |    12 ||    15
         Potion            |       |       |     3 ||     3
 Armour: Scale mail        |   109 |   114 |   104 ||   327
         Plate armour      |       |       |   209 ||   209
         Steam dragon scal |       |       |    22 ||    22
         Skin              |       |       |    18 ||    18
  Dodge: Dodged            |    70 |    24 |   132 ||   226
  Block: Buckler           |    29 |       |       ||    29
         Tower shield      |     3 |    96 |   551 ||   650

Table legend: (Time is in decaauts)
 A = Elapsed time spent in this place.
 B = Non-inter-level travel time spent in this place.
 C = Inter-level travel time spent in this place.
 D = Time resting spent in this place.
 E = Time spent auto-exploring this place.
 F = Levels seen in this place.
 G = Mean time per level.
                   A        B        C        D        E       F      G
               +--------+--------+--------+--------+--------+-----+--------+
         Total |   7326 |   7147 |    179 |   1036 |   3586 |  10 |  732.6 |
       Dungeon |   6972 |   6793 |    179 |   1036 |   3579 |   8 |  871.5 |
        Temple |     79 |     79 |      0 |      0 |      0 |   1 |   79.0 |
       Ossuary |    274 |    274 |      0 |      0 |      7 |   1 |  274.0 |
               +--------+--------+--------+--------+--------+-----+--------+

Top non-repeatable levels by time:
     D:6: 1416 daAuts
     D:2: 1240 daAuts
     D:4: 1017 daAuts
     D:1: 906 daAuts
     D:3: 865 daAuts
     D:7: 817 daAuts
     D:5: 571 daAuts
 Ossuary: 274 daAuts
     D:8: 136 daAuts
  Temple: 79 daAuts
